TOP OF THE 1ST |
---|
UCLA Bruins batting - Pitching for South Carolina Gamecocks : RHP Doug Lowe | Pitching: RHP Doug Lowe | | Batting: RHB Kent Bannatyne | 0-0: Ball 1-0: Fly out, F7 (Line Drive, 7) | Batting: LHB Manny Kennedy | 0-0: Ball 1-0: Called Strike 1-1: Foul Ball, location: 2F 1-2: Ball 2-2: Strikes out swinging, 2-3 out at first. | Batting: LHB Rob Phillips | 0-0: Swinging Strike 0-1: Called Strike 0-2: Ball 1-2: SINGLE (Line Drive, 34D) | Batting: LHB Federico Medina | 0-0: Fly out, F9 (Flyball, 9) | Top of the 1st over - 0 runs, 1 hit, 0 errors, 1 left on base; UCLA 0 - South Carolina 0 | BOTTOM OF THE 1ST |
---|
South Carolina Gamecocks batting - Pitching for UCLA Bruins : RHP Joe Byrd | Pitching: RHP Joe Byrd | | Batting: RHB Gerardo Gallegos | 0-0: Ball 1-0: Swinging Strike 1-1: Foul Ball, location: 2F 1-2: Ball 2-2: Ball 3-2: Base on Balls | Batting: RHB Earl Davis | 0-0: Swinging Strike 0-1: Foul Ball, location: 2F 0-2: Foul Ball, location: 2F 0-2: Ball 1-2: Ball 2-2: Strikes out swinging | Batting: RHB Luis Mercado | 0-0: Called Strike 0-1: Ball Gerardo Gallegos steals 2nd base 1-1: Called Strike 1-2: Fly out, F6 (Popup, 4MS) | Batting: LHB Gilberto Ortíz | 0-0: SINGLE (Flyball, 7LS) Gerardo Gallegos to third Runner from 3rd tries for Home, throw and OUT! | Bottom of the 1st over - 0 runs, 1 hit, 0 errors, 1 left on base; UCLA 0 - South Carolina 0 | TOP OF THE 2ND |
---|
UCLA Bruins batting - Pitching for South Carolina Gamecocks : RHP Doug Lowe | Batting: RHB Lance Cherry | 0-0: Ball 1-0: Called Strike 1-1: Ball 2-1: Called Strike 2-2: Foul Ball, location: 2F 2-2: Strikes out swinging | Batting: RHB Jorge Pacheco | 0-0: Ball 1-0: Called Strike 1-1: Ball 2-1: Foul Ball, location: 2F 2-2: Ball 3-2: Base on Balls | Batting: RHB Juan Valdéz | 0-0: Called Strike 0-1: Ball 1-1: Ball 2-1: SINGLE (Line Drive, 6MD) Jorge Pacheco to second Runner from 2nd tries for 3rd, SAFE, no throw | Batting: SHB Lee Townsend | 0-0: Ball 1-0: SINGLE (Flyball, 7LM) Jorge Pacheco scores Juan Valdéz to second | Batting: RHB Kent Matthews | 0-0: Ball 1-0: Ball 2-0: Foul Ball, location: 2F 2-1: Grounds into double play, 4-6-3 (Groundball, 4) | Top of the 2nd over - 1 run, 2 hits, 0 errors, 1 left on base; UCLA 1 - South Carolina 0 | BOTTOM OF THE 2ND |
---|
South Carolina Gamecocks batting - Pitching for UCLA Bruins : RHP Joe Byrd | Batting: RHB Brandon Smith | 0-0: Ball 1-0: Foul Ball, location: 2F 1-1: Swinging Strike 1-2: Ball 2-2: SINGLE (Groundball, 13S) (infield hit) | Batting: LHB Eric Martin | 0-0: Called Strike 0-1: Ball 1-1: Foul Ball, location: 2F 1-2: SINGLE (Flyball, 8LS) Brandon Smith to second | Batting: RHB Robin Bergeron | 0-0: Ball 1-0: Foul Ball, location: 2F 1-1: Foul Ball, location: 2F 1-2: Strikes out swinging | Batting: RHB Mike Connor | 0-0: Called Strike 0-1: Ball 1-1: Swinging Strike 1-2: SINGLE (Flyball, 9LM) Brandon Smith to third Eric Martin to second | Batting: RHB John Lindsey | 0-0: Foul Ball, location: 2F 0-1: Ball 1-1: Ball 2-1: Ball 3-1: Base on Balls Brandon Smith scores Eric Martin to third Mike Connor to second | Batting: RHB Gerardo Gallegos | 0-0: Called Strike 0-1: Foul Ball, location: 2F 0-2: Foul Ball, location: 2F 0-2: Fly out, F8 (Flyball, 8LM) Runner from 3rd tags up, SCORES, throw made | Now in CF: Phil Thomas | | Batting: RHB Earl Davis | 0-0: Ball 1-0: Fielders Choice at 2nd, 6-4 (Groundball, 6) | Bottom of the 2nd over - 2 runs, 3 hits, 0 errors, 2 left on base; UCLA 1 - South Carolina 2 | TOP OF THE 3RD |
---|
UCLA Bruins batting - Pitching for South Carolina Gamecocks : RHP Doug Lowe | Batting: RHB Kent Bannatyne | 0-0: Called Strike 0-1: Ball 1-1: Ball 2-1: Foul Ball, location: 2F 2-2: Strikes out swinging | Batting: LHB Manny Kennedy | 0-0: Foul Ball, location: 2F 0-1: Foul Ball, location: 2F 0-2: Foul Ball, location: 2F 0-2: Fly out, F8 (Flyball, 8LS) | Batting: LHB Rob Phillips | 0-0: Ball 1-0: Swinging Strike 1-1: Ground out 5-3 (Groundball, 56) | Top of the 3rd over - 0 runs, 0 hits, 0 errors, 0 left on base; UCLA 1 - South Carolina 2 | BOTTOM OF THE 3RD |
---|
South Carolina Gamecocks batting - Pitching for UCLA Bruins : RHP Joe Byrd | Batting: RHB Luis Mercado | 0-0: Fly out, F9 (Flyball, 9LS) | Batting: LHB Gilberto Ortíz | 0-0: Ball 1-0: SINGLE (Groundball, 56D) | Batting: RHB Brandon Smith | 0-0: Foul Ball, location: 2F 0-1: SINGLE (Flyball, 89M) Gilberto Ortíz to second Runner from 2nd tries for 3rd, SAFE, throw made to third | Batting: LHB Eric Martin | 0-0: Fly out, F8 (Flyball, 78D) Runner from 3rd tags up, SCORES, throw made | Batting: RHB Robin Bergeron | 0-0: Ball Brandon Smith steals 2nd base 1-0: Ball 2-0: Ball 3-0: Base on Balls | Batting: RHB Mike Connor | 0-0: Fly out, F3 (Popup, 23F) | Bottom of the 3rd over - 1 run, 2 hits, 0 errors, 2 left on base; UCLA 1 - South Carolina 3 | TOP OF THE 4TH |
---|
UCLA Bruins batting - Pitching for South Carolina Gamecocks : RHP Doug Lowe | Batting: LHB Federico Medina | 0-0: SOLO HOME RUN (Flyball, 89XD), Distance : 383 ft | Batting: RHB Lance Cherry | 0-0: SINGLE (Groundball, 6MD) | Batting: RHB Jorge Pacheco | 0-0: Swinging Strike 0-1: Ball 1-1: Ball 2-1: Ball 3-1: Base on Balls Lance Cherry to second | Batting: RHB Phil Thomas | 0-0: Called Strike 0-1: Called Strike 0-2: Strikes out swinging | Batting: SHB Lee Townsend | 0-0: Called Strike 0-1: Ball 1-1: Ball 2-1: SINGLE (Line Drive, 8RS) Lance Cherry to third Jorge Pacheco to second | Batting: RHB Kent Matthews | 0-0: Ball 1-0: Ball 2-0: Ball 3-0: Called Strike 3-1: DOUBLE (Flyball, 78D) Lance Cherry scores Jorge Pacheco scores Lee Townsend to third Runner from 3rd tries for Home, SAFE, throw made at trailing runner, OUT at third! | Batting: RHB Kent Bannatyne | 0-0: Ball 1-0: Ball 2-0: Ground out 6-3 (Groundball, 6) | Top of the 4th over - 4 runs, 4 hits, 0 errors, 0 left on base; UCLA 5 - South Carolina 3 | BOTTOM OF THE 4TH |
---|
South Carolina Gamecocks batting - Pitching for UCLA Bruins : RHP Joe Byrd | Batting: RHB John Lindsey | 0-0: Called Strike 0-1: Ball 1-1: Fly out, F3 (Popup, 3SF) | Batting: RHB Gerardo Gallegos | 0-0: Ball 1-0: Called Strike 1-1: Foul Ball, location: 2F 1-2: Ball 2-2: DOUBLE (Flyball, 78D) | Batting: RHB Earl Davis | 0-0: Foul Ball, location: 2F 0-1: Ball 1-1: Foul Ball, location: 2F 1-2: Ball 2-2: Fly out, F7 (Flyball, 7LSF) | Batting: RHB Luis Mercado | 0-0: Called Strike 0-1: Ball 1-1: Ball 2-1: Called Strike 2-2: Ball 3-2: Fly out, F9 (Flyball, 9D) | Bottom of the 4th over - 0 runs, 1 hit, 0 errors, 1 left on base; UCLA 5 - South Carolina 3 | TOP OF THE 5TH |
---|
UCLA Bruins batting - Pitching for South Carolina Gamecocks : RHP Doug Lowe | Pitching: RHP Valentín Flores | | Batting: LHB Manny Kennedy | 0-0: Swinging Strike 0-1: Swinging Strike 0-2: Strikes out swinging | Batting: LHB Rob Phillips | 0-0: Called Strike 0-1: Foul Ball, location: 2F 0-2: Strikes out looking | Batting: LHB Federico Medina | 0-0: Ball 1-0: Ball 2-0: Called Strike 2-1: Ball 3-1: Fly out, F9 (Flyball, 9D) | Top of the 5th over - 0 runs, 0 hits, 0 errors, 0 left on base; UCLA 5 - South Carolina 3 | BOTTOM OF THE 5TH |
---|
South Carolina Gamecocks batting - Pitching for UCLA Bruins : RHP Joe Byrd | Batting: LHB Gilberto Ortíz | 0-0: Called Strike 0-1: Foul Ball, location: 2F 0-2: Foul Ball, location: 2F 0-2: Ball 1-2: TRIPLE (Flyball, 8LXD) | Pitching: RHP Tim Paige | | Batting: RHB Brandon Smith | 0-0: Called Strike 0-1: Ball 1-1: Called Strike 1-2: Ball 2-2: Ball 3-2: Base on Balls | Batting: LHB Eric Martin | 0-0: Ball 1-0: Fly out, F7 (Flyball, 7S) | Batting: RHB Robin Bergeron | 0-0: Ball 1-0: Called Strike 1-1: Ground out 5-3 (Groundball, 56S) Gilberto Ortíz scores Brandon Smith to second | Batting: RHB Mike Connor | 0-0: Called Strike 0-1: SINGLE (Flyball, 8LS) Brandon Smith to third Runner from 3rd tries for Home, SAFE, throw made home | Batting: RHB John Lindsey | 0-0: Called Strike 0-1: Ball 1-1: Ball 2-1: Called Strike 2-2: Ball 3-2: Base on Balls Mike Connor to second | Batting: RHB Gerardo Gallegos | 0-0: Fly out, F8 (Flyball, 8LM) | Bottom of the 5th over - 2 runs, 2 hits, 0 errors, 2 left on base; UCLA 5 - South Carolina 5 | TOP OF THE 6TH |
---|
UCLA Bruins batting - Pitching for South Carolina Gamecocks : RHP Valentín Flores | Batting: RHB Lance Cherry | 0-0: Called Strike 0-1: Called Strike 0-2: Ball 1-2: Strikes out swinging | Batting: RHB Jorge Pacheco | 0-0: Called Strike 0-1: Fly out, F7 (Line Drive, 7) | Batting: RHB Phil Thomas | 0-0: Ball 1-0: Called Strike 1-1: Foul Ball, location: 2F 1-2: Strikes out looking | Top of the 6th over - 0 runs, 0 hits, 0 errors, 0 left on base; UCLA 5 - South Carolina 5 | BOTTOM OF THE 6TH |
---|
South Carolina Gamecocks batting - Pitching for UCLA Bruins : RHP Tim Paige | Batting: RHB Earl Davis | 0-0: Ball 1-0: Ball 2-0: Foul Ball, location: 2F 2-1: Foul Ball, location: 2F 2-2: Ball 3-2: Foul Ball, location: 2F 3-2: Base on Balls | Batting: RHB Luis Mercado | 0-0: Ball 1-0: Ball 2-0: Ball 3-0: Base on Balls Earl Davis to second | Batting: LHB Gilberto Ortíz | 0-0: Ball 1-0: Ball 2-0: Swinging Strike 2-1: Fly out, F8 (Flyball, 8RS) | Now in CF: Lonnie Romero | | Batting: RHB Brandon Smith | 0-0: Ball 1-0: Ball 2-0: Ball 3-0: Base on Balls Earl Davis to third Luis Mercado to second | Batting: LHB Eric Martin | 0-0: Fly out, F7 (Flyball, 7D) Throwing error, E7 Earl Davis scores Luis Mercado to third Brandon Smith to second | Batting: RHB Robin Bergeron | 0-0: Ball 1-0: Ball 2-0: SINGLE (Line Drive, 56) Luis Mercado scores Brandon Smith to third | Pitching: RHP Scott Roe | | Batting: RHB Mike Connor | 0-0: Called Strike 0-1: Swinging Strike 0-2: Ball 1-2: Foul Ball, location: 2F 1-2: SINGLE (Groundball, 56D) Brandon Smith scores Robin Bergeron to second | Batting: RHB John Lindsey | 0-0: Called Strike 0-1: Ball 1-1: Ball 2-1: Called Strike 2-2: Ball 3-2: Ground out 1-3 (Groundball, 13) | Bottom of the 6th over - 3 runs, 2 hits, 1 error, 2 left on base; UCLA 5 - South Carolina 8 | TOP OF THE 7TH |
---|
UCLA Bruins batting - Pitching for South Carolina Gamecocks : RHP Valentín Flores | Batting: SHB Lee Townsend | 0-0: Ball 1-0: Ball 2-0: Ball 3-0: Called Strike 3-1: Swinging Strike 3-2: Strikes out swinging | Batting: RHB Kent Matthews | 0-0: Called Strike 0-1: Swinging Strike 0-2: Strikes out looking | Batting: RHB Kent Bannatyne | 0-0: Called Strike 0-1: Called Strike 0-2: Strikes out swinging | Top of the 7th over - 0 runs, 0 hits, 0 errors, 0 left on base; UCLA 5 - South Carolina 8 | BOTTOM OF THE 7TH |
---|
South Carolina Gamecocks batting - Pitching for UCLA Bruins : RHP Scott Roe | Batting: RHB Gerardo Gallegos | 0-0: Ball 1-0: Swinging Strike 1-1: Fly out, F7 (Flyball, 78M) | Batting: RHB Earl Davis | 0-0: Called Strike 0-1: Fly out, F8 (Flyball, 8RM) | Batting: RHB Luis Mercado | 0-0: Called Strike 0-1: Foul Ball, location: 2F 0-2: Hit by Pitch | Batting: LHB Gilberto Ortíz | 0-0: Ball 1-0: Called Strike Luis Mercado steals 2nd base 1-1: Ball 2-1: Ball 3-1: Base on Balls | Batting: RHB Brandon Smith | 0-0: Ball 1-0: Ball 2-0: Ball 3-0: Called Strike 3-1: Base on Balls Luis Mercado to third Gilberto Ortíz to second | Batting: LHB Eric Martin | 0-0: Ball 1-0: Foul Ball, location: 2F 1-1: Ball 2-1: Ball 3-1: Fly out, F9 (Flyball, 89S) | Bottom of the 7th over - 0 runs, 0 hits, 0 errors, 3 left on base; UCLA 5 - South Carolina 8 | TOP OF THE 8TH |
---|
UCLA Bruins batting - Pitching for South Carolina Gamecocks : RHP Valentín Flores | Batting: LHB Manny Kennedy | 0-0: Ball 1-0: Swinging Strike 1-1: Ball 2-1: Called Strike 2-2: Ball 3-2: Base on Balls | Batting: LHB Rob Phillips | 0-0: Ball 1-0: Ball 2-0: Called Strike 2-1: Called Strike 2-2: Strikes out looking | Batting: LHB Federico Medina | 0-0: Ball 1-0: Called Strike 1-1: Grounds into double play, 4-6-3 (Groundball, 4) | Top of the 8th over - 0 runs, 0 hits, 0 errors, 0 left on base; UCLA 5 - South Carolina 8 | BOTTOM OF THE 8TH |
---|
South Carolina Gamecocks batting - Pitching for UCLA Bruins : RHP Scott Roe | Batting: RHB Robin Bergeron | 0-0: TRIPLE (Line Drive, 7D) | Batting: RHB Mike Connor | 0-0: Intentional Walk | Batting: RHB John Lindsey | 0-0: Ball 1-0: Foul Ball, location: 2F 1-1: Ball 2-1: Ball 3-1: Ground out 6-3 (Groundball, 6) Mike Connor to second | Batting: RHB Gerardo Gallegos | 0-0: Ball 1-0: Swinging Strike 1-1: Ball 2-1: DOUBLE (Flyball, 8LD) Robin Bergeron scores Mike Connor scores | Batting: RHB Earl Davis | 0-0: Ball 1-0: Ball 2-0: Fly out, F5 (Line Drive, 5) | Batting: RHB Luis Mercado | 0-0: Ball 1-0: Ball 2-0: Called Strike 2-1: Foul Ball, location: 2F 2-2: Ball 3-2: Foul Ball, location: 2F 3-2: Base on Balls | Batting: LHB Gilberto Ortíz | 0-0: Called Strike 0-1: Ground out 1-3 (Groundball, 15S) | Bottom of the 8th over - 2 runs, 2 hits, 0 errors, 2 left on base; UCLA 5 - South Carolina 10 | TOP OF THE 9TH |
---|
UCLA Bruins batting - Pitching for South Carolina Gamecocks : RHP Valentín Flores | Batting: RHB Lance Cherry | 0-0: Swinging Strike 0-1: Ball 1-1: Ball 2-1: Called Strike 2-2: Strikes out swinging | Batting: RHB Jorge Pacheco | 0-0: Foul Ball, location: 2F 0-1: Ball 1-1: Ball 2-1: Foul Ball, location: 2F 2-2: Ground out 6-3 (Groundball, 6) | Batting: LHB Lonnie Romero | 0-0: Fly out, F5 (Popup, 25F) | Top of the 9th over - 0 runs, 0 hits, 0 errors, 0 left on base; UCLA 5 - South Carolina 10 | |